 Dungeon Crawl Stone Soup version 0.26-b1-32-g5d43845318 (webtiles) character file.

Game seed: 17168210001908995541

37818 Goblin1989 the Basher (level 13, -3/115 (120) HPs)
             Began as a Palentonga Fighter on Jan 8, 2021.
             Was the Champion of Cheibriados.
             Killed from afar by Nergalle (4 damage)
             ... with a bolt of negative energy
             ... while paralysed by an orc sorcerer
             ... on level 1 of the Orcish Mines.
             The game lasted 00:35:42 (20172 turns).

Goblin1989 the Basher (Palentonga Fighter)         Turns: 20172, Time: 00:35:42

HP:   -3/115 (120)  AC: 33    Str: 41    XL:     13   Next: 60%
MP:   24/29         EV:  1    Int: 26    God:    Cheibriados [******]
Gold: 578           SH:  0    Dex: 27    Spells: 12/12 levels left

rFire    . . .     SeeInvis +   H - +4 broad axe
rCold    . . .     Faith    +   c - +0 kite shield
rNeg     + . .     Spirit   .   E - +4 chain mail "Kaczoh" {rN+ rCorr Str+3}
rPois    +         Reflect  .   T - +1 helmet
rElec    .         Harm     .   C - +0 cloak
rCorr    +         Rampage  .   x - +2 pair of gloves {Dex+3}
Will     .....                  W - +0 barding
Stlth    ..........             G - amulet of Kuthronok {Faith +Inv Slay+2}
HPRegen  0.29/turn              A - ring of magical power
MPRegen  0.21/turn              o - ring of poison resistance

@: paralysed, lightly drained, curled up, very slow
A: large, rugged brown scales 3, see invisible, deformed body, roll 1, armoured
tail, reflexive curl
a: Rolling Charge, Renounce Religion, Evoke Invisibility, Bend Time, Temporal
Distortion, Slouch, Step From Time


You were on level 1 of the Orcish Mines.
You worshipped Cheibriados.
Cheibriados was exalted by your worship.
You visited 3 branches of the dungeon, and saw 17 of its levels.
You also visited: Gauntlet.

You collected 1145 gold pieces.
You spent 567 gold pieces at shops.

Inventory:

Hand Weapons
 a - a +0 flail
 y - the +10 hand axe of Articulation {drain, *Rage *Noise rPois rC+++}
   (You found it on level 4 of the Dungeon)

   A truly terrible weapon, it drains the life of those it strikes.
   It renders you almost immune to cold.
   It protects you from poison.
   It may make noises in combat.
   It may make you go berserk in combat.
 D - the +7 spear of Mastery {protect, *Slow rElec rPois Str-5}
   (You found it on level 5 of the Dungeon)

   It grants its wielder temporary protection when it strikes (+7 to AC).
   It affects your strength (-5).
   It insulates you from electricity.
   It protects you from poison.
   It may slow you when you take damage.
 H - a +4 broad axe (weapon)
 P - the +5 falchion of Pride {flame, rF+ rC+}
   (You found it on level 1 of the Lair of Beasts)

   It has been specially enchanted to burn those struck by it, causing extra
   injury to most foes and up to half again as much damage against particularly
   susceptible opponents.
   Big, fiery blades are also staple armaments of hydra-hunters.
   It protects you from fire.
   It protects you from cold.
Missiles
 B - 12 silver javelins {@Q2}
 I - 3 atropa-tipped darts
 Z - 3 throwing nets {!d , @Q1}
Armour
 c - a +0 kite shield (worn)
 h - a scarf of repulsion
 x - a +2 pair of gloves of dexterity (worn)
 C - a +0 cloak (worn)
 E - the +4 chain mail "Kaczoh" (worn) {rN+ rCorr Str+3}
   (You found it on level 5 of the Dungeon)

   It affects your strength (+3).
   It protects you from negative energy.
   It provides partial protection from all sources of acid and corrosion.
 N - the +1 ring mail "Wenirph" {rElec rN++ rCorr Dex-2}
   (You found it on level 2 of the Lair of Beasts)

   It affects your dexterity (-2).
   It insulates you from electricity.
   It greatly protects you from negative energy.
   It provides partial protection from all sources of acid and corrosion.
 T - a +1 helmet (worn)
 W - a +0 barding (worn)
Jewellery
 o - a ring of poison resistance (right hand)
 z - a +6 ring of intelligence
 A - a ring of magical power (left hand)
 G - the amulet of Kuthronok (around neck) {Faith +Inv Slay+2}
   (You found it in a Gauntlet)

   [amulet of faith]

   It allows you to gain divine favour quickly.
   It affects your accuracy and damage with ranged weapons and melee attacks
   (+2).
   It lets you turn invisible.
 X - an uncursed amulet of guardian spirit
Wands
 t - a wand of flame (38) {@v6}
 u - a wand of digging (6) {@v1}
 K - a wand of acid (14) {@v2}
 V - a wand of iceblast (9) {@v4}
Scrolls
 f - 3 scrolls of immolation
 j - 6 scrolls of fog
 k - 4 scrolls of amnesia
 m - 2 scrolls of fear
 n - 7 scrolls of remove curse {@r3}
 s - 4 scrolls of enchant armour
 v - 8 scrolls of blinking
 J - 12 scrolls of teleportation {!r, @r2}
 L - a scroll of holy word
 M - a scroll of magic mapping
 R - a scroll of identify {@r1}
Potions
 d - a potion of might {@q4}
 e - 3 potions of heal wounds {@q2}
 i - 2 potions of cancellation
 l - 3 potions of curing {@q1}
 q - 8 potions of attraction
 r - 2 potions of brilliance
 w - 3 potions of lignification
 F - 3 potions of resistance {@q6}
 O - a potion of magic
 Q - 2 potions of ambrosia
 U - a potion of invisibility {unknown}
 Y - 5 potions of mutation {!q}
Miscellaneous
 p - a phantom mirror


   Skills:
 + Level 9.9 Fighting
 + Level 4.1(8.8) Axes
 - Level 11.7(12.0) Maces & Flails
 - Level 8.0 Armour
 + Level 7.4 Dodging
 + Level 8.4 Shields
 + Level 9.9 Invocations


You had 12 spell levels left.
You didn't know any spells.
Your spell library contained the following spells:

 Spells                   Type           Power        Failure   Level
 Animate Skeleton         Necr           0%           38%         1
 Corona                   Hex            0%           38%         1
 Freeze                   Ice            0%           38%         1
 Magic Dart               Conj           0%           38%         1
 Pain                     Necr           0%           38%         1
 Sting                    Tmut/Pois      0%           38%         1
 Blink                    Tloc           N/A          54%         2
 Call Imp                 Summ           0%           54%         2
 Ensorcelled Hibernation  Hex/Ice        0%           54%         2
 Poisonous Vapours        Pois/Air       0%           54%         2
 Slow                     Hex            0%           54%         2
 Confusing Touch          Hex            0%           77%         3
 Conjure Flame            Conj/Fire      0%           77%         3
 Dazzling Flash           Conj/Hex       0%           77%         3
 Frozen Ramparts          Ice            0%           77%         3
 Gell's Gravitas          Tloc           0%           77%         3
 Ignite Poison            Fire/Tmut/Pois 0%           77%         3
 Mephitic Cloud           Conj/Pois/Air  0%           77%         3
 Ozocubu's Armour         Ice            0%           77%         3
 Tukima's Dance           Hex            0%           77%         3
 Vampiric Draining        Necr           0%           77%         3
 Animate Dead             Necr           0%           99%         4
 Hailstorm                Conj/Ice       0%           99%         4
 Olgreb's Toxic Radiance  Pois           0%           99%         4
 Petrify                  Tmut/Erth      0%           99%         4
 Summon Ice Beast         Ice/Summ       0%           99%         4
 Agony                    Necr           0%           100%        5
 Bolt of Magma            Conj/Fire/Erth 0%           100%        5
 Iskenderun's Battlesphe  Conj           0%           100%        5
 Metabolic Englaciation   Hex/Ice        0%           100%        5
 Yara's Violent Unravell  Hex/Tmut       0%           100%        5
 Freezing Cloud           Conj/Ice/Air   0%           100%        6
 Iron Shot                Conj/Erth      0%           100%        6
 Orb of Destruction       Conj           0%           100%        7
 Spellforged Servitor     Conj/Summ      0%           100%        7


Dungeon Overview and Level Annotations

Branches:
Dungeon (10/15)            Temple (0/1) D:4            Lair (6/6) D:9
  Swamp (0/4) Lair:3        Snake (0/4) Lair:3          Orc (1/2) D:10
Gauntlet (visited)
  Slime: Lair:5-6

Altars:
Ashenzari
Cheibriados
Dithmenos
Makhleb
Okawaru
Sif Muna
Vehumet
Xom
The Shining One

Shops:
D:4 =   D:6 ?   D:9 !

Annotations:
Lair:5 exclusion: 3 oklob plants
Orc:1 Nergalle


Innate Abilities, Weirdness & Mutations

You are completely covered in rugged brown scales. (AC +3, +7% HP)
You have supernaturally acute eyesight. (SInv)
Armour fits poorly on your strangely shaped body.
You can roll at nearby foes to attack.
You have a long armoured tail.
You curl defensively after being hit.


Message History

There is a staircase to the Lair here.
There is a stone staircase leading down here.
You climb downwards.
There is a stone staircase leading up here.
You see here 10 sling bullets.
There is a staircase to the Orcish Mines here.
You climb downwards.
Welcome to the Orcish Mines! 13 orcs and Nergalle come into view.
Nergalle is wielding a +3 dagger of electrocution and wearing a +2 robe of positive energy.
An orc sorcerer is wielding a +0 dagger and wearing a +2 robe of cold resistance.
An orc sorcerer is wielding a +0 dagger and wearing a +2 robe of positive energy.
Nergalle shouts!
The orc wizard shouts!
The orc priest shouts!
The orc shouts!
The orc wizard shouts!
The orc shouts!
The orc sorcerer shouts!
The orc knight shouts!
The orc warrior shouts! x2; The orc shouts!
The orc sorcerer shouts!
You hear a shout! x3
Found 67 gold pieces.
Found an escape hatch in the floor.
Found a stone staircase leading down.
There is a staircase back to the Dungeon here.
Unknown command.
You slice the orc!!
You kill the orc!
Cheibriados appreciates the change of pace.
The orc sorcerer gestures at you while chanting.
The bolt of fire hits you!
The orc sorcerer gestures at you while chanting.
The bolt of fire hits the orc wizard!!
The orc wizard dies!
The bolt of fire hits you!!
You take 33 damage, and have 87/120 hp.
MASSIVE DAMAGE!!
You slice the orc wizard!!
You kill the orc wizard!
Cheibriados thoroughly appreciates the change of pace.
The orc sorcerer points at you and mumbles some strange words.
The bolt of fire hits you but does no damage.
An orc priest comes into view. It is wielding a +0 short sword.
Unknown command.
The orc priest shouts!
You slice the orc!!
You kill the orc!
Cheibriados thoroughly appreciates the change of pace.
The orc knight roars a battlecry!
The orcs go into a battle-frenzy!
The orc sorcerer gestures at you while chanting.
You resist with some effort.
Nergalle yells, "What are YOU looking at?"
The orc sorcerer points at you and mumbles some strange words.
The bolt of negative energy hits the orc priest!!
The orc priest is drained!
The orc priest dies!
The bolt of negative energy hits you! You partially resist.
You feel drained.
An orc warrior comes into view. It is wielding a +0 flail.
You take 10 damage, and have 77/117 hp.
Unknown command.
You hit the orc.
Your tail-slap misses the orc.
The orc is lightly wounded.
You slash the orc!
You kill the orc!
Cheibriados thoroughly appreciates the change of pace.
The orc warrior hits you from afar with a +0 halberd.
The orc hits you but does no damage.
You take 3 damage, and have 74/117 hp.
Unknown command.
You can feel time thicken for a moment.
You kill the orc!
Cheibriados thoroughly appreciates the change of pace.
You kill the orc!
Cheibriados thoroughly appreciates the change of pace.
The orc sorcerer points at you and mumbles some strange words.
The bolt of fire hits you!!
* * * LOW HITPOINT WARNING * * *
You block Nergalle's attack. You block the orc warrior's attack.
An orc comes into view. It is wielding a +0 mace.
The orc shouts!
You take 23 damage, and have 51/117 hp.
You now have 24/29 mp.
Unknown command.
Unknown command.
You are too injured to fight recklessly!
Unknown command.
You are too injured to fight recklessly!
Unknown command.
You are too injured to fight recklessly!
Unknown command.
You slice the orc sorcerer!!
You kill the orc sorcerer!
Cheibriados appreciates the change of pace.
You hit Nergalle. You slice the orc warrior!!
You kill the orc warrior!
Cheibriados appreciates the change of pace.
You hear a shout!
The orc sorcerer points at you and mumbles some strange words.
The bolt of fire hits you!!
* * * LOW HITPOINT WARNING * * *
Nergalle hits you but does no damage.
You are electrocuted!!
* * * LOW HITPOINT WARNING * * *
You block the orc warrior's attack.
The orc knight hits you with a +0 long sword!
* * * LOW HITPOINT WARNING * * *
The orc sorcerer casts a spell at you.
You suddenly lose the ability to move!
Nergalle casts a spell at you. The bolt of negative energy hits you.
You partially resist.
You feel drained.
You die...

█.██...... ...
.o....... .. █
......... .. .█
..$......█.█...
$.......█...█.█
...............
.█.█.o))).....█
......)@>.....█
......oo)......
......o.......█
............██.
..█........o..
█ █>..$..██$...
........ █.o█
██.█....█ ...


You could see an orc knight, Nergalle (strong), an orc sorcerer (strong), 2 orc
warriors, an orc priest and an orc.

Vanquished Creatures
  A minotaur (Gauntlet)
  Harold (D:7)
  A hell beast (Gauntlet)
  Erica (Lair:2)
  3 hydras
  A two-headed ogre (D:9)
  A lindwurm (Lair:6)
  An orc sorcerer (Orc:1)
  6 elephants (Lair:4)
  A centaur zombie (D:10)
  4 black mambas
  10 cane toads
  Joseph (Lair:1)
  A minotaur zombie (Gauntlet)
  3 rime drakes
  8 komodo dragons
  2 trolls (D:10)
  4 polar bears
  A hornet (D:9)
  4 dream sheep (Lair:6)
  8 blink frogs
  5 flying skulls (Gauntlet)
  A shadow (D:7)
  4 wyverns
  Sigmund (D:6)
  40 yaks
  2 basilisks
  2 swamp worms (Gauntlet)
  5 nagas (Lair:3)
  10 water moccasins
  3 sky beasts
  4 phantoms
  A black bear (D:7)
  2 necrophages
  3 orc warriors
  5 ice beasts
  4 ogres
  26 wolves
  7 centaurs
  3 big kobolds
  A gnoll sergeant (D:8)
  19 bullfrogs
  A wyvern zombie (D:10)
  3 troll zombies (D:10)
  5 scorpions
  12 killer bees
  5 wights (D:6)
  2 howler monkeys
  2 bullfrog zombies
  9 orc priests
  3 bullfrog skeletons
  4 hounds
  4 jellies
  9 orc wizards
  5 hell rats (Lair:3)
  An iguana (D:9)
  6 worker ants
  A killer bee zombie (D:5)
  5 ogre zombies (D:10)
  A howler monkey skeleton (D:6)
  6 adders
  15 gnolls
  A shadow imp (D:5)
  A white imp (D:5)
  2 ufetubi
  An adder skeleton (D:2)
  A worm (D:2)
  A dart slug (D:4)
  3 leopard geckos
  33 orcs
  2 ball pythons
  7 bats
  4 giant cockroaches
  6 goblins
  3 hobgoblins
  3 jackals (D:2)
  3 quokkas
  2 frilled lizards
  A giant cockroach zombie (D:5)
  2 goblin skeletons (D:10)
  2 goblin zombies (D:10)
  A hobgoblin skeleton (D:10)
  6 hobgoblin zombies (D:10)
  A jackal zombie (D:5)
  13 kobolds
  An orc skeleton (D:10)
  13 orc zombies (D:10)
  5 rats
428 creatures vanquished.

Vanquished Creatures (others)
  An orc priest (Orc:1)
  2 orc wizards
  15 fungi
  38 plants
56 creatures vanquished.

Grand Total: 484 creatures vanquished

Notes
Turn   | Place    | Note
-------+----------+-------------------------------------------
     0 | D:1      | Goblin1989 the Palentonga Fighter began the quest for the
                  | Orb.
     0 | D:1      | Reached XP level 1. HP: 20/20 MP: 1/1
   464 | D:1      | Reached XP level 2. HP: 27/27 MP: 2/2
   952 | D:2      | Reached XP level 3. HP: 33/33 MP: 3/3
  1699 | D:3      | Found a radiant altar of Vehumet.
  1790 | D:3      | Reached skill level 3 in Maces & Flails
  2068 | D:3      | Reached XP level 4. HP: 39/40 MP: 4/4
  2609 | D:3      | Found a snail-covered altar of Cheibriados.
  2801 | D:3      | Became a worshipper of Cheibriados the Contemplative
  2889 | D:4      | Reached XP level 5. HP: 8/49 MP: 5/5
  3331 | D:4      | Found a glowing golden altar of the Shining One.
  3368 | D:4      | Got a twisted hand axe
  3369 | D:4      | Identified the +10 hand axe of Articulation {drain, *Rage
                  | *Noise rPois rC+++} (You found it on level 4 of the
                  | Dungeon)
  3489 | D:4      | Reached skill level 1 in Invocations
  3679 | D:4      | Reached skill level 4 in Maces & Flails
  3847 | D:4      | Found a staircase to the Ecumenical Temple.
  3891 | D:4      | Found Qucewale's Jewellery Shop.
  4140 | D:5      | Entered Level 5 of the Dungeon
  4149 | D:5      | Reached XP level 6. HP: 46/55 MP: 5/7
  4153 | D:5      | Got a crystal spear
  4154 | D:5      | Identified the +7 spear of Mastery {protect, *Slow rElec
                  | rPois Str-5} (You found it on level 5 of the Dungeon)
  4843 | D:5      | Got a jewelled chain mail
  4948 | D:5      | Gained mutation: You curl defensively after being hit.
                  | [Palentonga growth]
  4948 | D:5      | Reached XP level 7. HP: 63/63 MP: 8/8
  4969 | D:5      | Reached skill level 1 in Dodging
  5151 | D:6      | Reached skill level 5 in Maces & Flails
  5196 | D:6      | Reached * piety under Cheibriados
  5281 | D:6      | Found an iron altar of Okawaru.
  5646 | D:6      | Reached XP level 8. HP: 63/71 MP: 10/10
  5699 | D:6      | Noticed Sigmund
  5726 | D:6      | Killed Sigmund
  5852 | D:6      | Found Learod's Magic Scroll Shoppe.
  5858 | D:6      | Found a shimmering blue altar of Sif Muna.
  5860 | D:6      | Bought a scroll of identify for 24 gold pieces
  5860 | D:6      | Bought a scroll of teleportation for 36 gold pieces
  5860 | D:6      | Bought a scroll of noise for 12 gold pieces
  5860 | D:6      | Bought a scroll of remove curse for 36 gold pieces
  5860 | D:6      | Bought a scroll of enchant weapon for 90 gold pieces
  5860 | D:6      | Bought a scroll of random uselessness for 12 gold pieces
  5860 | D:6      | Bought a scroll of identify for 24 gold pieces
  5860 | D:6      | Bought a scroll of identify for 24 gold pieces
  5860 | D:6      | Bought a scroll of identify for 24 gold pieces
  5877 | D:6      | Identified the +4 chain mail "Kaczoh" {rN+ rCorr Str+3}
                  | (You found it on level 5 of the Dungeon)
  5951 | D:6      | Reached skill level 6 in Maces & Flails
  6094 | D:6      | Reached skill level 5 in Fighting
  6579 | D:7      | Noticed Harold
  6598 | D:7      | Killed Harold
  6599 | D:7      | Reached skill level 7 in Maces & Flails
  6599 | D:7      | Reached XP level 9. HP: 32/79 MP: 4/12
  6605 | D:7      | Reached ** piety under Cheibriados
  7025 | D:7      | Found a shadowy altar of Dithmenos.
  7081 | D:7      | Reached skill level 5 in Invocations
  7175 | D:7      | Reached skill level 5 in Shields
  7646 | D:8      | Reached skill level 5 in Armour
  7681 | D:8      | Reached *** piety under Cheibriados
  7857 | D:8      | Reached skill level 8 in Maces & Flails
  8817 | D:9      | Found a shimmering altar of Xom.
  8840 | D:9      | Reached XP level 10. HP: 86/88 MP: 14/14
  8854 | D:9      | Reached **** piety under Cheibriados
  9019 | D:9      | Found a staircase to the Lair.
  9084 | D:9      | Found Feirink's Distillery.
  9110 | D:9      | Bought a potion of degeneration for 15 gold pieces
  9110 | D:9      | Bought a potion of brilliance for 60 gold pieces
  9160 | D:9      | Reached ***** piety under Cheibriados
  9368 | D:9      | Noticed a two-headed ogre
  9376 | D:9      | Killed a two-headed ogre
  9377 | D:9      | Reached skill level 9 in Maces & Flails
  9726 | D:9      | Found a burning altar of Makhleb.
 10061 | D:10     | Entered Level 10 of the Dungeon
 10129 | D:10     | Reached XP level 11. HP: 94/98 MP: 15/15
 10350 | D:10     | Reached skill level 5 in Dodging
 10461 | D:10     | Found a staircase to the Orcish Mines.
 10490 | D:10     | Reached ****** piety under Cheibriados
 10695 | D:10     | Reached skill level 10 in Maces & Flails
 10973 | Lair:1   | Entered Level 1 of the Lair of Beasts
 11050 | Lair:1   | Noticed an eight-headed hydra
 11063 | Lair:1   | Killed an eight-headed hydra
 11346 | Lair:1   | Noticed Joseph
 11361 | Lair:1   | Killed Joseph
 11669 | Lair:1   | Got a scorched falchion
 12044 | D:6      | Bought a scroll of blinking for 90 gold pieces
 12128 | D:9      | Bought a potion of magic for 120 gold pieces
 12207 | Lair:1   | Identified the +5 falchion of Pride {flame, rF+ rC+} (You
                  | found it on level 1 of the Lair of Beasts)
 12772 | Lair:2   | Got a smelly ring mail
 12783 | Lair:2   | Identified the cursed +1 ring mail "Wenirph" {rElec rN++
                  | rCorr Dex-2} (You found it on level 2 of the Lair of
                  | Beasts)
 12810 | Lair:2   | Reached XP level 12. HP: 77/109 MP: 17/17
 12956 | Lair:2   | Noticed a four-headed hydra
 12971 | Lair:2   | Killed a four-headed hydra
 12972 | Lair:2   | Reached skill level 11 in Maces & Flails
 12976 | Lair:2   | Noticed a five-headed hydra
 12976 | Lair:2   | Noticed Erica
 12987 | Lair:2   | Killed a five-headed hydra
 12995 | Lair:2   | Killed Erica
 14849 | Lair:3   | Found a staircase to the Swamp.
 14948 | Lair:3   | Found a staircase to the Snake Pit.
 15975 | Lair:4   | Reached skill level 1 in Axes
 16465 | Lair:4   | Reached XP level 13. HP: 118/118 MP: 19/19
 17769 | Lair:6   | Entered Level 6 of the Lair of Beasts
 17789 | Lair:6   | Found a gate leading to a gauntlet.
 17807 | Gauntlet | Entered a Gauntlet
 17807 | Gauntlet | Found a transporter.
 17972 | Gauntlet | Found a transporter.
 17974 | Gauntlet | Found a transporter.
 17983 | Gauntlet | Found a transporter.
 17985 | Gauntlet | Found a transporter.
 17995 | Gauntlet | Found a transporter.
 18008 | Gauntlet | Found a runed translucent door.
 18012 | Gauntlet | Found a transporter.
 18021 | Gauntlet | Found a transporter.
 18031 | Gauntlet | Found a transporter.
 18045 | Gauntlet | Found a transporter.
 18047 | Gauntlet | Noticed a death ooze
 18059 | Gauntlet | Found a transporter.
 18059 | Gauntlet | Found a transporter.
 18101 | Gauntlet | Found a runed translucent door.
 18105 | Gauntlet | Found a runed translucent door.
 18107 | Gauntlet | Found a transporter.
 18121 | Gauntlet | Found a transporter.
 18504 | Gauntlet | Got a coiled sapphire amulet
 18515 | Gauntlet | Identified the amulet of Kuthronok {Faith +Inv Slay+2} (You
                  | found it in a Gauntlet)
 18527 | Gauntlet | Noticed a minotaur
 18536 | Gauntlet | Killed a minotaur
 19127 | Lair:6   | Found a broken altar of Ashenzari.
 20166 | Orc:1    | Entered Level 1 of the Orcish Mines
 20166 | Orc:1    | Noticed Nergalle
 20172 | Orc:1    | HP: 1/117 [orc knight/+0 long sword (8)]
 20172 | Orc:1    | Paralysed by an orc sorcerer for 6 turns
 20172 | Orc:1    | Killed from afar by Nergalle

Illustrated notes

Levels and vault maps discovered:
D:1:      wander_arrival_lonely_grave, layout_basic
D:2:      layout_loops_ring
D:3:      layout_basic, vehumet_crystals, marbit_many_paths, minmay_hedge_maze
D:4:      layout_cave_pods, minmay_temple_entry_nine_rooms, serial_shops,
          nicolae_shop_behind_doors, nrook_uturn, nicolae_tso_swordbearing_angel
D:5:      layout_rooms
D:6:      layout_gridville, kennysheep_mini_moat, okawaru_trees_2, serial_shops,
          nicolae_shop_statue_plus, kennysheep_generic_room_5, uniq_sigmund
D:7:      layout_basic, lemuel_doored_altar, uniq_harold
D:8:      layout_basic
D:9:      layout_long_grid, lightli_temple_of_fire, david_lair_shrubbed,
          serial_shops, shop, brannock_xom_greatest_gift
D:10:     layout_gridville, zombieorc2_lemuel
Lair:1:   layout_gridlike, infiniplex_staircase_pool_2, uniq_joseph
Lair:2:   layout_layer_cave, minivault_23, uniq_erica
Lair:3:   layout_concentric_octagons, minmay_swamp_entry_worms,
          minmay_snake_entry_guardpost_medium, beast_lair_carwin_8,
          serial_bayou_shore_a, lemuel_fruit_fields
Lair:4:   layout_roguey
Lair:5:   layout_roguey, slime_dummy, dpeg_oklob_1, grunt_megastairs_5
Lair:6:   due_jungle_book, layout_gridlike, gauntlet_entry_generic,
          lemuel_centaur_altar
Orc:1:    layout_caves, minmay_orc_keep, uniq_snorg, uniq_nergalle

Skill      XL: |  1  2  3  4  5  6  7  8  9 10 11 12 13 |
---------------+----------------------------------------+-----
Maces & Flails | 3 4 5 7 8 9 10 11 | 11.7
Armour         | 3 4 5 6 7 8 |  8.0
Shields        | 3 4 5 6 7 8 |  8.4
Invocations    | 1 2 3 4 5 6 7 9 |  9.9
Fighting       | 4 5 6 7 8 9 |  9.9
Dodging        | 1 3 4 5 6 7 |  7.4
Axes           | 1 4 |  4.1

Action                   |  1- 3 |  4- 6 |  7- 9 | 10-12 | 13-15 || total
-------------------------+-------+-------+-------+-------+-------++-------
Melee: Flail             |   117 |   127 |   343 |   726 |       ||  1313
       Tailslap          |    14 |    19 |    64 |   223 |    50 ||   370
       Broad axe         |       |       |       |    58 |   172 ||   230
Invok: Bend Time         |       |       |     1 |     1 |       ||     2
       Slouch            |       |       |       |     3 |     2 ||     5
       Temporal Distorti |       |       |       |       |     1 ||     1
  Use: Potion            |       |     2 |     2 |     2 |     1 ||     7
       Scroll            |       |       |     8 |    14 |     2 ||    24
 Stab: Distracted        |       |       |       |     1 |       ||     1
       Sleeping          |       |       |       |       |     1 ||     1
Armor: Scale mail        |    75 |    64 |    34 |       |       ||   173
       Chain mail        |       |       |   130 |   308 |    44 ||   482
       Ring mail         |       |       |       |   120 |    65 ||   185
Dodge: Dodged            |    29 |    24 |    64 |   302 |   101 ||   520
Block: Kite shield       |    60 |    54 |   187 |   696 |   186 ||  1183
